 Dungeon Sprint DCSS version 0.29-a0-825-g72347fce65 (webtiles) character file.

Game seed: 17159756218488065563

1520 Garessta the Fighter (level 8, -1/79 HPs)
             Began as a Demonspawn Fighter on July 11, 2022.
             Was a Priest of Uskayaw.
             Slain by a red devil
             ... wielding a +0 trident
             ... summoned by a kobold demonologist
              (3 damage)
             ... in the Dungeon (Sprint IX: "|||||||||||||||||||||||||||||").
             The game lasted 00:04:16 (498 turns).

Garessta the Fighter (Demonspawn Fighter)            Turns: 498, Time: 00:04:18

Health: -1/79      AC: 12    Str: 17    XL:     8   Next: 54%
Magic:  5/10       EV:  7    Int: 12    God:    Uskayaw [***...]
Gold:   0          SH:  0    Dex: 15    Spells: 7/7 levels left

rFire   . . .      SeeInvis .   m - +2 halberd (venom)
rCold   . . .      Faith    .   (shield currently unavailable)
rNeg    . . .      Spirit   .   n - +0 plate armour
rPois   .          Reflect  .   (no helmet)
rElec   .          Harm     .   o - +0 cloak
rCorr   .          Rampage  .   (no gloves)
Will    .....      NoTele   +   (no boots)
Stlth   ..........              (no amulet)
HPRegen 0.23/turn               p - +3 ring of dexterity
MPRegen 0.12/turn               q - +2 ring of evasion

@: no status effects
A: claws 1, spiny 1, demonic magic 1
a: Renounce Religion, Stomp, Line Pass


You were in the Dungeon.
You worshipped Uskayaw.
Uskayaw was noncommittal.
You visited 1 branch

Inventory:

Hand Weapons
 a - a +0 trident
 m - a +2 halberd of venom (weapon)
Armour
 n - a +0 plate armour (worn)
 o - a +0 cloak (worn)
Jewellery
 p - a +3 ring of dexterity (left claw)
 q - a +2 ring of evasion (right claw)
Wands
 l - a wand of roots (10)
Scrolls
 j - 2 scrolls of blinking
 k - 2 scrolls of amnesia
Potions
 e - 5 potions of curing
 f - 3 potions of heal wounds
 g - a potion of haste
 h - 4 potions of magic
 i - a potion of invisibility


   Skills:
 + Level 13.5 Fighting
 + Level 12.3 Polearms
 + Level 3.7 Armour
 - Level 2.6 Shields
 + Level 3.4 Invocations


You had 7 spell levels left.
You didn't know any spells.
Your spell library was empty.

Dungeon Overview and Level Annotations

Branches:
Dungeon (1/1)

Altars:
Cheibriados
Dithmenos
Fedhas
Gozag
Hepliaklqana
Kikubaaqudgha
Makhleb
Nemelex Xobeh
Okawaru
Qazlal
Ru
Sif Muna
Trog
Uskayaw
Vehumet
Wu Jian
Xom
Yredelemnul
Jiyva
Lugonu


Innate Abilities, Weirdness & Mutations

You have sharp fingernails.
You are partially covered in sharp spines.
Spells you cast may paralyse adjacent enemies.


Message History

The troll claws you but does no damage. The troll claws you!
You hit the troll.
The troll is lightly wounded.
The troll bites you. The troll claws you! x2
Uskayaw will force your foes to share their pain.
Uskayaw links your audience in an emotional bond!
Unknown command.
You slice the troll!!
The troll is severely wounded.
The troll bites you but does no damage. The troll barely misses you.
The troll claws you.
You closely miss the troll.
The troll is severely wounded.
You feel yourself speed up.
The kobold demonologist is no longer sharing its pain.
The troll barely misses you. The troll claws you!
* * * LOW HITPOINT WARNING * * *
The troll claws you but does no damage. The troll is struck by your spines.
The troll bites you!
* * * LOW HITPOINT WARNING * * *
The troll completely misses you. The troll claws you.
* * * LOW HITPOINT WARNING * * *
You closely miss the troll.
The troll is severely wounded.
The red devil is no longer sharing its pain.
The purple ugly thing is no longer sharing its pain.
The slime creature is no longer sharing its pain.
The troll is struck by your spines. The troll bites you but does no damage.
The troll claws you.
* * * LOW HITPOINT WARNING * * *
The troll claws you!
* * * LOW HITPOINT WARNING * * *
Aiming: Line Pass
Press: ? - help, Dir - move target The troll appears confused.
The purple ugly thing appears confused.
The kobold demonologist appears confused.
The slime creature appears confused.
The red devil appears confused.
The troll is no longer sharing its pain.
The red devil hits you with a +0 trident.
You die... ▓▓▓▓▓▓▓▓▓▓▓▓▓▓▓▓▓▓▓ ...[).)....TuKJ4@.+ ▓▓▓▓▓▓▓▓▓▓▓▓▓▓▓▓▓▓▓

You could see a purple ugly thing (confused), a slime creature (confused), a kobold demonologist (confused), a troll (confused, poisoned) and a red devil (summoned, confused).

Vanquished Creatures
  A two-headed ogre (D)
  A hornet (D)
  2 wraiths (D)
  A yak (D)
  A vampire mosquito (D)
  A centaur (D)
  A necrophage (D)
  A killer bee (D)
  2 shadow imps (D)
  A white imp (D)
  An orc (D)
  A quokka (D)
  2 bats (D)
  A frilled lizard (D)
  A rat (D)
18 creatures vanquished.

Notes
Turn   | Place    | Note
-------+----------+-------------------------------------------
     0 | D        | Garessta the Demonspawn Fighter began the quest for the
                  | Orb.
     0 | D        | Reached XP level 1. HP: 18/18 MP: 1/1
    83 | D        | Noticed a necrophage
    91 | D        | Reached skill level 4 in Fighting
    91 | D        | Gained mutation: You have sharp fingernails. [demonic
                  | ancestry]
    91 | D        | Reached XP level 2. HP: 16/26 MP: 2/2
    97 | D        | Reached skill level 5 in Fighting
    99 | D        | Reached XP level 3. HP: 13/33 MP: 3/3
   103 | D        | Killed a necrophage
   104 | D        | Reached skill level 6 in Fighting
   104 | D        | Reached skill level 5 in Polearms
   104 | D        | Reached XP level 4. HP: 17/41 MP: 4/4
   110 | D        | Found a snail-covered altar of Cheibriados.
   110 | D        | Found a shadowy altar of Dithmenos.
   110 | D        | Found a blossoming altar of Fedhas.
   110 | D        | Found an opulent altar of Gozag.
   111 | D        | Found a hazy altar of Hepliaklqana.
   112 | D        | Found a viscous altar of Jiyva.
   113 | D        | Found an ancient bone altar of Kikubaaqudgha.
   114 | D        | Found a corrupted altar of Lugonu.
   115 | D        | Found a burning altar of Makhleb.
   116 | D        | Found a sparkling altar of Nemelex Xobeh.
   117 | D        | Found an iron altar of Okawaru.
   118 | D        | Found a stormy altar of Qazlal.
   119 | D        | Found a sacrificial altar of Ru.
   120 | D        | Found a shimmering blue altar of Sif Muna.
   121 | D        | Found a bloodstained altar of Trog.
   122 | D        | Found a hide-covered altar of Uskayaw.
   123 | D        | Found a radiant altar of Vehumet.
   124 | D        | Found an ornate altar of the Wu Jian Council.
   125 | D        | Found a shimmering altar of Xom.
   126 | D        | Found a basalt altar of Yredelemnul.
   152 | D        | Became a worshipper of Uskayaw the Reveller
   369 | D        | Noticed a yak
   369 | D        | Noticed a wraith
   369 | D        | Noticed a hornet
   369 | D        | Noticed a two-headed ogre
   369 | D        | Noticed a centaur
   370 | D        | Reached * piety under Uskayaw
   373 | D        | Killed a yak
   373 | D        | Reached ** piety under Uskayaw
   374 | D        | Reached skill level 8 in Fighting
   374 | D        | Reached XP level 5. HP: 51/51 MP: 5/5
   379 | D        | Reached *** piety under Uskayaw
   380 | D        | Killed a wraith
   381 | D        | Reached skill level 10 in Fighting
   381 | D        | Gained mutation: You are partially covered in sharp spines.
                  | [demonic ancestry]
   381 | D        | Reached XP level 6. HP: 41/60 MP: 6/6
   381 | D        | Reached **** piety under Uskayaw
   382 | D        | Killed a hornet
   383 | D        | Reached skill level 11 in Fighting
   383 | D        | Reached skill level 10 in Polearms
   383 | D        | Gained mutation: Spells you cast may paralyse adjacent
                  | enemies. [demonic ancestry]
   383 | D        | Reached XP level 7. HP: 47/68 MP: 7/7
   383 | D        | Killed a two-headed ogre
   383 | D        | Reached ***** piety under Uskayaw
   384 | D        | Reached skill level 13 in Fighting
   384 | D        | Reached XP level 8. HP: 55/79 MP: 8/8
   481 | D        | Noticed a troll
   481 | D        | Noticed a kobold demonologist
   481 | D        | Noticed a purple ugly thing
   481 | D        | Noticed a slime creature
   487 | D        | Noticed a red devil
   497 | D        | HP: 2/79 [troll (9)]
   498 | D        | Slain by a red devil

Illustrated notes

Levels and vault maps discovered:
D:        linesprint [early_d, line_temple, items_1, d_10, items_2, lair_1,
          lair_end, items_3, orc_1, orc_end, items_4, d_15, swamp_1, shoals_1,
          snake_1, spider_1, d_20, vaults_1, items_5, swamp_end, shoals_end,
          snake_end, spider_end, vaults_end, d_27, items_6, zot_1, zot_end,
          crypt_end, forest_end, elf_end, slime_end, tomb_end, abyss_end,
          pan_hell_end]

Skill      XL: |  1  2  3  4  5  6  7  8 |
---------------+-------------------------+-----
Polearms       | 3 4 5 7 9 10 12 | 12.3
Fighting       | 4 5 6 8 10 11 13 | 13.5
Armour         | 3 |  3.7
Invocations    | 3 |  3.4
Shields        | |  2.6

Action                   |  1- 3 |  4- 6 |  7- 9 || total
-------------------------+-------+-------+-------++-------
Melee: Trident           |    38 |       |       ||    38
       Halberd           |       |    13 |    17 ||    30
Invok: Line Pass         |       |       |     1 ||     1
  Use: Potion            |     1 |     1 |       ||     2
 Stab: Paralysed         |       |     1 |     2 ||     3
Armor: Scale mail        |     9 |       |       ||     9
       Plate armour      |       |     3 |    13 ||    16
Dodge: Dodged            |    15 |    10 |     8 ||    33
Block: Buckler           |     4 |       |       ||     4

Table legend: (Time is in decaauts)
 A = Elapsed time spent in this place.
 B = Non-inter-level travel time spent in this place.
 C = Inter-level travel time spent in this place.
 D = Time resting spent in this place.
 E = Time spent auto-exploring this place.
 F = Levels seen in this place.
 G = Mean time per level.
                   A        B        C        D        E       F      G
               +--------+--------+--------+--------+--------+-----+--------+
         Total |    525 |    525 |      0 |    304 |      0 |   1 |  525.0 |
       Dungeon |    525 |    525 |      0 |    304 |      0 |   1 |  525.0 |
               +--------+--------+--------+--------+--------+-----+--------+

Top non-repeatable levels by time:
       D: 525 daAuts
